 Dungeon Crawl Stone Soup version 0.25-b1-29-g4cfa5c7 (webtiles) character file.

Game seed: 15158035130106908601, levelgen mode: deterministic

662 Dorkslayer the Chopper (level 7, 0/62 HPs)
             Began as a Hill Orc Fighter on May 31, 2020.
             Succumbed to an orc wizard's poison
             ... on level 4 of the Dungeon.
             The game lasted 00:16:26 (2616 turns).

Dorkslayer the Chopper (Hill Orc Fighter)           Turns: 2616, Time: 00:16:26

Health: 0/62       AC:  9    Str: 21    XL:     7   Next: 56%
Magic:  3/7        EV:  8    Int: 10    God:
Gold:   97         SH: 10    Dex: 10    Spells: 6/6 levels left

rFire    . . .     SeeInvis .   k - +2 hand axe (freeze)
rCold    . . .     Gourm    .   c - +0 kite shield
rNeg     . . .     Faith    .   b - +0 scale mail
rPois    .         Spirit   +   u - +0 helmet
rElec    .         Reflect  .   (no cloak)
rCorr    +         Harm     .   (no gloves)
MR       .....                  (no boots)
Stlth    ..........             v - amulet of guardian spirit
HPRegen  0.20/turn              l - ring of resist corrosion
MPRegen  0.10/turn              (no ring)

@: mighty, lethally poisoned (0 -> -8)
A: clever 1, shaggy fur 1
a: no special abilities


You were on level 4 of the Dungeon.
You were not hungry.

You visited 1 branch of the dungeon, and saw 4 of its levels.

You collected 97 gold pieces.

Inventory:

Hand Weapons
 a - a +0 war axe
 k - a +2 hand axe of freezing (weapon)
Missiles
 i - 32 poisoned darts (quivered)
 p - a throwing net
 q - 4 boomerangs
Armour
 b - a +0 scale mail (worn)
 c - a +0 kite shield (worn)
 u - a +0 helmet (worn)
Jewellery
 l - a ring of resist corrosion (left hand)
 v - an amulet of guardian spirit (around neck)
Scrolls
 e - 3 scrolls of identify
 h - 2 scrolls of fog
 j - 3 scrolls of remove curse
 n - a scroll of enchant armour {unknown}
 o - a scroll of immolation
 s - a scroll of blinking {unknown}
Potions
 d - a potion of might
 m - a potion of flight
 r - a potion of mutation
Comestibles
 f - 11 rations
 g - 10 chunks of flesh


   Skills:
 * Level 5.7 Fighting
 + Level 6.1 Axes
 * Level 1.9 Throwing
 + Level 4.6 Armour
 + Level 1.4 Dodging
 + Level 5.0 Shields


You had 6 spell levels left.
You didn't know any spells.
Your spell library was empty.

Dungeon Overview and Level Annotations

Branches:
Dungeon (4/15)
 Temple: D:4-7

Altars:
Cheibriados
Dithmenos
Elyvilon
Gozag
Zin


Innate Abilities, Weirdness & Mutations

Your mind is acute. (Int +2)
You are covered in fur. (AC +1)


Message History

* * * LOW HITPOINT WARNING * * *
You feel sick.
Items here: )) [[ † a +0 morningstar; a +0 leather armour; a +0 short sword; a +0 ring mail an orc corpse
* * * LOW HITPOINT WARNING * * *
You feel sick.
Things that are here:
a +0 mace; a +0 leather armour
Okay, then.
* * * LOW HITPOINT WARNING * * *
You feel sick.
* * * LOW HITPOINT WARNING * * *
You feel sick.
* * * LOW HITPOINT WARNING * * *
You feel sick.
* * * LOW HITPOINT WARNING * * *
You feel sick.
Unknown command.
You die...

#.##.##..##.#.##.#..##### #
#.##........#.##.#..#
#####.#####.............#
............####.######.#
##.##.##.#### ##.## #..
##.##.##.# #...# #.##.##.#
#...# #.##.##.# #<).####
##.......# #.@))..#
......#########...._.###
####..####...........(.#
..#......................#
#.#...##.#............(#...
#.#....#.######...###### ##
.......#.# #...# #.#.#..#.#
##...### #........#
#......#


There were no monsters in sight!

Vanquished Creatures
  A phantom (D:4)
  2 ogres (D:4)
  A bullfrog (D:3)
  2 orc priests (D:4)
  2 orc wizards (D:4)
  2 worker ants
  Robin (D:4)
  4 gnolls (D:2)
  4 adders
  2 oozes
  2 worms (D:3)
  3 dart slugs
  A leopard gecko (D:2)
  3 orcs
  2 ball pythons
  7 bats
  3 giant cockroaches
  20 goblins
  5 hobgoblins
  6 frilled lizards
  7 kobolds
  A leopard gecko skeleton (D:4)
  A quokka skeleton (D:3)
  5 rats
87 creatures vanquished.

Notes
Turn   | Place    | Note
-------+----------+-------------------------------------------
     0 | D:1      | Dorkslayer the Hill Orc Fighter began the quest for the
                  | Orb.
     0 | D:1      | Reached XP level 1. HP: 19/19 MP: 1/1
    46 | D:1      | Reached XP level 2. HP: 24/27 MP: 2/2
   530 | D:2      | Reached XP level 3. HP: 33/33 MP: 3/3
   655 | D:2      | Reached skill level 3 in Axes
   805 | D:2      | Found an opulent altar of Gozag.
   879 | D:2      | Reached XP level 4. HP: 41/41 MP: 4/4
   936 | D:2      | Found a faded altar of an unknown god.
  1248 | D:3      | Found a white marble altar of Elyvilon.
  1571 | D:3      | Reached XP level 5. HP: 37/47 MP: 5/5
  1604 | D:3      | Reached skill level 4 in Axes
  1607 | D:3      | Gained mutation: You have supernaturally acute eyesight.
                  | (SInv) [potion of mutation]
  1607 | D:3      | Gained mutation: Your system is resistant to poisons.
                  | (rPois) [potion of mutation]
  1607 | D:3      | Lost mutation: You have supernaturally acute eyesight.
                  | (SInv) [potion of mutation]
  1607 | D:3      | Gained mutation: You have sharp toenails. [potion of
                  | mutation]
  1745 | D:3      | Found a glowing silver altar of Zin.
  1745 | D:3      | Noticed an angel
  1864 | D:3      | Reached skill level 5 in Fighting
  1864 | D:3      | Reached skill level 1 in Dodging
  2000 | D:3      | Found a shadowy altar of Dithmenos.
  2001 | D:3      | Reached XP level 6. HP: 56/56 MP: 6/6
  2228 | D:4      | Found a snail-covered altar of Cheibriados.
  2269 | D:4      | Noticed a phantom
  2289 | D:4      | Lost mutation: Your system is resistant to poisons. (rPois)
                  | [potion of mutation]
  2289 | D:4      | Lost mutation: You have sharp toenails. [potion of
                  | mutation]
  2289 | D:4      | Gained mutation: You are covered in fur. (AC +1) [potion of
                  | mutation]
  2289 | D:4      | Gained mutation: Your mind is acute. (Int +2) [potion of
                  | mutation]
  2291 | D:4      | Killed a phantom
  2291 | D:4      | Reached skill level 5 in Axes
  2398 | D:4      | Reached skill level 1 in Throwing
  2398 | D:4      | Reached XP level 7. HP: 58/61 MP: 7/7
  2440 | D:4      | Noticed Robin
  2450 | D:4      | Killed Robin
  2483 | D:4      | Got a faintly glowing cloak
  2490 | D:4      | Identified the cursed -4 cloak of the Exiled Artists {+Fly
                  | Stlth+} (You found it on level 4 of the Dungeon)
  2604 | D:4      | Reached skill level 6 in Axes
  2604 | D:4      | Reached skill level 5 in Shields
  2612 | D:4      | HP: 3/62 [poisoned by an orc wizard]
  2614 | D:4      | HP: 1/62 [poisoned by an orc wizard]
  2616 | D:4      | Succumbed to an orc wizard's poison

Illustrated notes

Levels and vault maps discovered:
D:1:      minmay_arrival_up_and_down, layout_basic, minmay_tetromino_i4
D:2:      minmay_door_path, layout_basic, first_ration,
          chequers_ecumenical_altar_simple_redux, grunt_gozag_statues
D:3:      layout_basic, nicolae_dithmenos_through_a_glass_darkly, zin_angel,
          elyvilon_altar_3
D:4:      layout_loops_cross, cheibriados_altar_1, uniq_robin

Skill      XL: |  1  2  3  4  5  6  7 |
---------------+----------------------+-----
Fighting       | 4 5 |  5.7
Axes           | 3 4 5 6 |  6.1
Shields        | 4 5 |  5.0
Armour         | 4 |  4.6
Dodging        | 1 |  1.4
Throwing       | 1 |  1.9

Action                   |  1- 3 |  4- 6 |  7- 9 || total
-------------------------+-------+-------+-------++-------
Melee: War axe           |    98 |    92 |       ||   190
       Kick              |       |    16 |       ||    16
       Hand axe          |       |    40 |    33 ||    73
Throw: Dart              |       |     1 |     3 ||     4
  Use: Potion            |       |     5 |     2 ||     7
       Scroll            |       |       |     4 ||     4
  Eat: Chunk             |       |     5 |     1 ||     6
Armor: Scale mail        |    51 |    42 |    22 ||   115
Dodge: Dodged            |    33 |    45 |     4 ||    82
Block: Kite shield       |    68 |    59 |    16 ||   143
